 Dungeon Crawl Stone Soup version 0.29.0-4-gdea44cf6ec (webtiles) character file.

Game seed: 326664355182167943

1457 qw the Grappler (level 8, -9/68 HPs)
             Began as a Ghoul Fire Elementalist on Aug 29, 2022.
             Was an Initiate of Okawaru.
             Mangled by a troll (13 damage)
             ... on level 6 of the Dungeon.
             The game lasted 00:05:46 (6484 turns).

qw the Grappler (Ghoul Fire Elementalist)           Turns: 6484, Time: 00:05:47

Health: -9/68      AC: 11    Str: 14    XL:     8   Next: 76%
Magic:  9/9        EV:  4    Int: 10    God:    Okawaru [......]
Gold:   225        SH:  0    Dex:  9    Spells: 9/10 levels left

rFire   . . .      SeeInvis .     - Unarmed
rCold   + . .      Faith    .   (no shield)
rNeg    + + +      Spirit   .   k - +0 plate armour
rPois   inf        Reflect  .   (no helmet)
rElec   .          Harm     .   a - scarf {repulsion}
rCorr   .          Rampage  .   (no gloves)
Will    .....                   (no boots)
Stlth   ..........              o - amulet of regeneration
HPRegen 0.00/turn               (no ring)
MPRegen 0.11/turn               (no ring)

@: inhibited regen, repel missiles
A: claws 1, cold resistance 1, negative energy resistance 3, inhibited
regeneration, torment resistance 2, devour on kill
a: Renounce Religion


You were on level 6 of the Dungeon.
You worshipped Okawaru.
Okawaru was noncommittal.
You visited 2 branches of the dungeon, and saw 7 of its levels.
You also visited: Ossuary.

You collected 225 gold pieces.


Innate Abilities, Weirdness & Mutations

You are immune to poison.
You have sharp fingernails.
Your flesh is cold resistant. (rC+)
You are immune to negative energy. (rN+++)
You do not regenerate when monsters are visible.
You are immune to unholy pain and torment.
You thrive by killing the living.


   Skills:
 - Level 5.0 Fighting
 - Level 2.0 Throwing
 - Level 3.1 Armour
 - Level 1.7 Dodging
 - Level 2.1 Stealth
 + Level 9.0 Unarmed Combat
 - Level 1.7 Spellcasting
 - Level 0.7 Conjurations
 - Level 2.4 Fire Magic


You had 9 spell levels left.
You knew the following spells:

 Your Spells              Type           Power      Damage    Failure   Level
a - Foxfire               Conj/Fire      16%        2x1d4     100%        1

Your spell library contained the following spells:

 Spells                   Type           Power      Damage    Failure   Level
 Scorch                   Fire           10%        2d6       100%        2
 Conjure Flame            Conj/Fire      4%         6-21      100%        3
 Inner Flame              Hex/Fire       3%         N/A       100%        3
 Flame Wave               Conj/Fire      4%         2d5       100%        4

Inventory:

Missiles
 g - 3 boomerangs (quivered)
Armour
 a - a scarf of repulsion (worn)
 c - a +0 cloak
 k - a +0 plate armour (worn)
Jewellery
 o - an amulet of regeneration (around neck)
Scrolls
 j - a scroll of identify
Potions
 b - a potion of attraction {unknown}
 d - a potion of berserk rage {unknown}
 f - a potion of resistance
 h - 4 potions of haste
 i - 8 potions of curing
 l - a potion of might
 n - a potion of cancellation

Dungeon Overview and Level Annotations

Branches:
Dungeon (6/15)             Temple (1/1) D:5         Ossuary (visited)

Altars:
Ashenzari
Cheibriados
Dithmenos
Fedhas
Gozag
Hepliaklqana
Kikubaaqudgha
Makhleb
Nemelex Xobeh
Okawaru
Qazlal
Ru
Sif Muna
Trog
Uskayaw
Vehumet
Wu Jian
Xom
Yredelemnul

Shops:
D:4 =

Annotations:
D:5 1 runed translucent door, Crazy Yiuf


Message History

Okawaru accepts your kill.
You feel better.
Your Armour skill increases to level 3!
You start resting.
Your surroundings suddenly seem different.
You start resting.
HP restored.
Found 6 poisoned darts.
Enter note: A troll and 2 iguanas come into view.
Found a manual of Conjurations.
The iguana hisses angrily.
You scratch the iguana but do no damage.
The iguana bites you!
You closely miss the iguana.
The iguana bites you but does no damage.
You scratch the iguana but do no damage.
The iguana bites you.
You barely miss the troll.
The iguana bites you but does no damage.
The troll bites you. The troll claws you.
The troll claws you but does no damage.
You claw the troll!
The troll is moderately wounded.
You scratch the troll. Your claw misses the troll.
The troll is moderately wounded.
The iguana bites you but does no damage.
The troll bites you. The troll claws you. x2
You completely miss the troll.
The troll is moderately wounded.
The iguana bites you. The troll bites you but does no damage.
The troll claws you. x2
You barely miss the troll.
The troll is moderately wounded.
The iguana bites you but does no damage.
The troll bites you! The troll claws you! x2
You claw the troll!
The troll is severely wounded.
The iguana completely misses you. The troll bites you!
You die...

...#
#.......#
...#
#.#.......+
...#
#.#.#.....#
...#
##.##......#
...# .:
###....#
...#
#.##....###
...#
#.#.#...#
...#
#l..(..#
...#
#@#...##
####
#.T.#####
#####


You could see a troll and an iguana.

Vanquished Creatures
  Sigmund (D:2)
  A black bear (D:3)
  An ice beast (D:5)
  2 ogres (D:6)
  A phantom (D:6)
  Blork the orc (D:6)
  A necrophage (D:5)
  A scorpion (D:5)
  3 wights (D:4)
  4 hounds
  5 iguanas
  A mummy (Ossuary)
  9 adders
  A shadow imp (D:5)
  A white imp (D:6)
  A worm (D:3)
  4 dart slugs
  8 orcs
  3 spectral bats (Ossuary)
  9 ball pythons
  2 bats (D:1)
  9 endoplasms
  8 giant cockroaches
  8 goblins
  10 hobgoblins
  2 jackals (D:3)
  5 quokkas
  3 bat simulacra (Ossuary)
  3 frilled lizards
  12 gnoll zombies (Ossuary)
  8 goblin simulacra (Ossuary)
  5 goblin zombies (Ossuary)
  4 hobgoblin zombies (Ossuary)
  3 kobolds
  3 kobold simulacra (Ossuary)
  4 kobold zombies (Ossuary)
  5 orc zombies (Ossuary)
  8 rats
  2 rat simulacra (Ossuary)
  3 spectral goblins (Ossuary)
  6 spectral kobolds (Ossuary)
  6 spectral rats (Ossuary)
177 creatures vanquished.

Vanquished Creatures (others)
  5 dream sheep (D:5)
5 creatures vanquished.

Grand Total: 182 creatures vanquished

Notes
Turn   | Place    | Note
-------+----------+-------------------------------------------
     0 | D:1      | qw the Ghoul Fire Elementalist began the quest for the Orb.
     0 | D:1      | Reached XP level 1. HP: 14/14 MP: 2/2
     0 | D:1      | 0 ||| qw: Version: 0.1-a-90-g952f4b7
     0 | D:1      | 0 ||| qw: Game counter: 4236
     0 | D:1      | 0 ||| qw: Always use a shield: true
     0 | D:1      | 0 ||| qw: God list: Okawaru
     0 | D:1      | 0 ||| qw: Allow faded altars: false
     0 | D:1      | 0 ||| qw: Do Orc after D:15 true
     0 | D:1      | 0 ||| qw: Do second Lair branch before Depths: true
     0 | D:1      | 0 ||| qw: Lair rune preference: random
     0 | D:1      | 0 ||| qw: Plans: Normal
     0 | D:1      | 0 ||| PLANNING D:1-11
   105 | D:1      | Reached skill level 1 in Unarmed Combat
   152 | D:1      | Reached XP level 2. HP: 14/22 MP: 3/3
   327 | D:1      | Reached skill level 1 in Fighting
   734 | D:1      | 734 ||| Stepping ~*~*~tactically~*~*~ (stealth).
   735 | D:1      | 735 ||| Stepping ~*~*~tactically~*~*~ (stealth).
   752 | D:1      | Reached skill level 2 in Unarmed Combat
   781 | D:1      | 781 ||| Stepping ~*~*~tactically~*~*~ (stealth).
   791 | D:1      | 791 ||| Stepping ~*~*~tactically~*~*~ (stealth).
   813 | D:1      | 813 ||| Stepping ~*~*~tactically~*~*~ (stealth).
   819 | D:1      | Reached XP level 3. HP: 28/28 MP: 4/4
  1034 | D:1      | 1034 ||| Stepping ~*~*~tactically~*~*~ (hiding).
  1136 | D:1      | 1136 ||| Stepping ~*~*~tactically~*~*~ (hiding).
  1238 | D:1      | 1238 ||| Stepping ~*~*~tactically~*~*~ (hiding).
  1340 | D:1      | 1340 ||| Stepping ~*~*~tactically~*~*~ (hiding).
  1343 | D:1      | 1343 ||| Stepping ~*~*~tactically~*~*~ (hiding).
  1771 | D:1      | 1771 ||| UPGRADING to +0 ring mail.
  1781 | D:1      | 1781 ||| DROPPING +0 robe.
  1782 | D:1      | 1782 ||| READING 2 scrolls labelled ILEUWU NIEPLU.
  1785 | D:1      | 1785 ||| READING scroll labelled CIADDAEVUALL.
  1786 | D:1      | 1786 ||| READING 3 scrolls labelled ORUPUE UHIWEITH.
  1787 | D:1      | 1787 ||| READING scroll labelled SIGGAS XEICW.
  1788 | D:1      | 1788 ||| DRINKING 5 golden potions.
  1789 | D:1      | 1789 ||| READING 2 scrolls of identify.
  1789 | D:1      | 1789 ||| IDENTIFYING white potion
  1790 | D:1      | 1790 ||| DROPPING potion of magic.
  1797 | D:2      | Found a faded altar of an unknown god.
  1813 | D:2      | Reached skill level 3 in Unarmed Combat
  1873 | D:2      | Noticed Sigmund
  1875 | D:2      | 1875 ||| Stepping ~*~*~tactically~*~*~ (hiding).
  1889 | D:2      | Killed Sigmund
  1890 | D:2      | Reached skill level 6 in Unarmed Combat
  1890 | D:2      | Reached XP level 4. HP: 21/35 MP: 5/5
  1890 | D:2      | Reached XP level 5. HP: 24/40 MP: 6/6
  1890 | D:2      | Reached XP level 6. HP: 29/47 MP: 7/7
  1898 | D:2      | 1898 ||| FLEEEEING.
  1905 | D:2      | 1905 ||| STAIRDANCE
  2011 | D:1      | 2011 ||| READING 2 scrolls of identify.
  2011 | D:1      | 2011 ||| IDENTIFYING cyan potion
  2653 | D:2      | 2653 ||| UPGRADING to +0 cloak.
  2658 | D:2      | 2658 ||| READING scroll labelled KECKIU FITZEET.
  2665 | D:2      | 2665 ||| Stepping ~*~*~tactically~*~*~ (stealth).
  2689 | D:3      | 2689 ||| Stepping ~*~*~tactically~*~*~ (stealth).
  2926 | D:3      | 2926 ||| Stepping ~*~*~tactically~*~*~ (stealth).
  2928 | D:3      | 2928 ||| Stepping ~*~*~tactically~*~*~ (stealth).
  3003 | D:3      | Found a broken altar of Ashenzari.
  3209 | D:3      | Noticed a black bear
  3219 | D:3      | Killed a black bear
  3596 | D:3      | 3596 ||| DROPPING scarf of shadows.
  3597 | D:3      | 3597 ||| UPGRADING to +0 plate armour.
  3607 | D:3      | 3607 ||| DROPPING +0 ring mail.
  3608 | D:3      | 3608 ||| UPGRADING to amulet of regeneration.
  3613 | D:3      | 3613 ||| READING scroll labelled OHAXZE BITT.
  3614 | D:3      | 3614 ||| DRINKING 2 coppery potions.
  3615 | D:3      | 3615 ||| READING 2 scrolls of identify.
  3615 | D:3      | 3615 ||| IDENTIFYING amethyst potion
  3616 | D:3      | 3616 ||| DROPPING potion of degeneration.
  3617 | D:3      | 3617 ||| DROPPING potion of flight.
  3639 | D:4      | 3639 ||| Stepping ~*~*~tactically~*~*~ (stealth).
  3650 | D:4      | Reached skill level 1 in Armour
  3682 | D:4      | 3682 ||| Stepping ~*~*~tactically~*~*~ (stealth).
  3683 | D:4      | 3683 ||| Stepping ~*~*~tactically~*~*~ (stealth).
  3734 | D:4      | Reached XP level 7. HP: 56/56 MP: 8/8
  3739 | D:4      | Found a radiant altar of Vehumet.
  3747 | D:4      | Reached skill level 3 in Fighting
  3763 | D:4      | 3763 ||| Stepping ~*~*~tactically~*~*~ (stealth).
  3774 | D:4      | 3774 ||| Stepping ~*~*~tactically~*~*~ (stealth).
  3780 | D:4      | 3780 ||| Stepping ~*~*~tactically~*~*~ (stealth).
  3782 | D:4      | 3782 ||| Stepping ~*~*~tactically~*~*~ (stealth).
  4160 | D:4      | Found Gorau's Jewellery Emporium.
  4163 | D:4      | 4163 ||| SHOPLISTING +4 ring of protection (504 gold, have
                  | 146).
  4163 | D:4      | 4163 ||| SHOPLISTING +6 ring of dexterity (504 gold, have
                  | 146).
  4163 | D:4      | 4163 ||| SHOPLISTING ring of fire (350 gold, have 146).
  4163 | D:4      | 4163 ||| SHOPLISTING ring of resist corrosion (280 gold,
                  | have 146).
  4230 | D:4      | 4230 ||| READING 2 scrolls labelled PEANIO IRATWETZ.
  4231 | D:4      | 4231 ||| READING scroll labelled TIRURO FUPNI.
  4232 | D:4      | 4232 ||| DRINKING 2 puce potions.
  4233 | D:4      | 4233 ||| READING 2 scrolls of identify.
  4233 | D:4      | 4233 ||| IDENTIFYING fizzy blue potion
  4234 | D:4      | 4234 ||| DROPPING scroll of noise.
  4252 | D:5      | Entered Level 5 of the Dungeon
  4305 | D:5      | Reached skill level 7 in Unarmed Combat
  4539 | D:5      | Found a blossoming altar of Fedhas.
  4539 | D:5      | Found a basalt altar of Yredelemnul.
  4649 | D:5      | Identified the +8 hammer "Osuy" {vorpal, rPois}
  4651 | D:5      | Found a runed translucent door.
  4652 | D:5      | Noticed Crazy Yiuf
  4688 | D:5      | 4688 ||| Stepping ~*~*~tactically~*~*~ (hiding).
  4697 | D:5      | 4697 ||| Stepping ~*~*~tactically~*~*~ (outnumbered).
  4704 | D:5      | Reached XP level 8. HP: 61/63 MP: 9/9
  4757 | D:5      | Noticed a dream sheep
  4757 | D:5      | Noticed a dream sheep
  4757 | D:5      | Noticed a dream sheep
  4757 | D:5      | Noticed a dream sheep
  4757 | D:5      | Noticed a dream sheep
  4757 | D:5      | Found a shimmering altar of Xom.
  4759 | D:5      | 4759 ||| Stepping ~*~*~tactically~*~*~ (outnumbered).
  4761 | D:5      | Killed a dream sheep
  4761 | D:5      | Killed a dream sheep
  4761 | D:5      | Killed a dream sheep
  4762 | D:5      | Killed a dream sheep
  4762 | D:5      | Killed a dream sheep
  4832 | D:5      | Found a staircase to the Ecumenical Temple.
  4833 | D:5      | 4833 ||| PLANNING TEMPLE
  4833 | D:5      | 4833 ||| UPGRADING to scarf of repulsion.
  4843 | D:5      | 4843 ||| DROPPING orb of light.
  4844 | D:5      | 4844 ||| READING scroll labelled RUWEDO CIFAN.
  4845 | D:5      | 4845 ||| READING 2 scrolls of identify.
  4845 | D:5      | 4845 ||| IDENTIFYING grey potion
  4853 | Temple   | Entered the Ecumenical Temple
  4859 | Temple   | Became a worshipper of Warmaster Okawaru
  4869 | Temple   | 4869 ||| PLANNING D:1-11
  4974 | D:5      | Reached skill level 8 in Unarmed Combat
  5204 | D:5      | 5204 ||| READING scroll of teleportation.
  5254 | D:6      | 5254 ||| PLANNING OSSUARY
  5354 | D:6      | 5354 ||| Stepping ~*~*~tactically~*~*~ (stealth).
  5364 | D:6      | HP: 2/66 [ogre/+0 giant club (20)]
  5365 | D:6      | 5365 ||| DRINKING potion of heal wounds.
  5455 | D:6      | Found a sand-covered staircase.
  5456 | D:6      | 5456 ||| READING scroll labelled NASHRA QOYGI.
  5464 | Ossuary  | Entered an ossuary
  5474 | Ossuary  | 5474 ||| Stepping ~*~*~tactically~*~*~ (stealth).
  5476 | Ossuary  | 5476 ||| Stepping ~*~*~tactically~*~*~ (stealth).
  5478 | Ossuary  | 5478 ||| Stepping ~*~*~tactically~*~*~ (stealth).
  5486 | Ossuary  | 5486 ||| Stepping ~*~*~tactically~*~*~ (outnumbered).
  5701 | Ossuary  | Reached skill level 9 in Unarmed Combat
  5755 | Ossuary  | 5755 ||| Stepping ~*~*~tactically~*~*~ (stealth).
  6271 | Ossuary  | 6271 ||| READING 2 scrolls of identify.
  6271 | Ossuary  | 6271 ||| IDENTIFYING dark potion
  6272 | Ossuary  | 6272 ||| DROPPING potion of lignification.
  6297 | D:6      | 6297 ||| PLANNING D:1-11
  6316 | D:6      | Noticed Blork the orc
  6317 | D:6      | 6317 ||| Stepping ~*~*~tactically~*~*~ (hiding).
  6331 | D:6      | Killed Blork the orc
  6383 | D:6      | HP: 9/68 [ogre/+0 giant club (18)]
  6384 | D:6      | 6384 ||| READING scroll of teleportation.
  6385 | D:6      | 6385 ||| DRINKING potion of heal wounds.
  6387 | D:6      | Reached skill level 3 in Armour
  6474 | D:6      | Noticed a troll
  6483 | D:6      | HP: 11/68 [troll (11)]
  6483 | D:6      | HP: 4/68 [troll (7)]
  6484 | D:6      | Mangled by a troll

Levels and vault maps discovered:
D:1:      mrwooster_arrival_statue_2, layout_loops_cross
D:2:      layout_basic, ebering_ecumenical_altar_sacrificial, uniq_sigmund
D:3:      layout_basic, mainiacjoe_overflow_concentric_impassable
D:4:      layout_cave_pools, mainiacjoe_overflow_24_doors, serial_shops,
          kennysheep_mini
D:5:      layout_gridville, kb_xom_exploding_sheep,
          nicolae_overflow_two_pavilions, minmay_temple_entry_mist,
          minivault_25, uniq_crazy_yiuf_cottage
D:6:      layout_basic, lemuel_round_altar, chequers_ossuary_entry_cave,
          minmay_manual_monstrance, uniq_blork_the_orc
Temple:   hellmonk_temple_two_chambers

Skill      XL: |  1  2  3  4  5  6  7  8 |
---------------+-------------------------+-----
Unarmed Combat | 1 2 6 7 9 |  9.0
Fighting       | 1 2 3 5 |  5.0
Throwing       | 2 |  2.0
Armour         | 1 2 3 |  3.1
Dodging        | |  1.7
Stealth        | |  2.1
Spellcasting   | |  1.7
Conjurations   | |  0.7
Fire Magic     | |  2.4

Action                   |  1- 3 |  4- 6 |  7- 9 || total
-------------------------+-------+-------+-------++-------
Melee: Unarmed           |   163 |   124 |   304 ||   591
       Punch             |     2 |     4 |    10 ||    16
Throw: Javelin           |       |    14 |    43 ||    57
       Boomerang         |       |       |    16 ||    16
  Use: Scroll            |     5 |     4 |     9 ||    18
       Potion            |     1 |     1 |     3 ||     5
 Stab: Sleeping          |     1 |       |       ||     1
Armor: Robe              |    21 |       |       ||    21
       Ring mail         |     9 |    41 |       ||    50
       Plate armour      |       |     8 |   111 ||   119
Dodge: Dodged            |    88 |    45 |    41 ||   174

Table legend:
 A = Non-vault XP
 B = Vault XP
 C = Vault XP percentage of total XP
 D = Non-vault monster count
 E = Vault monster count
 F = Vault count percentage of total count
                 A         B        C        D         E       F
            +---------+---------+-------+---------+---------+-------
      Total |    1645 |     437 |  21.0 |     110 |      67 |  37.9
            +---------+---------+-------+---------+---------+-------
        D:1 |      53 |       0 |   0.0 |      31 |       0 |   0.0
        D:2 |      83 |     243 |  74.5 |      19 |       1 |   5.0
        D:3 |     181 |       0 |   0.0 |      21 |       0 |   0.0
        D:4 |     414 |       0 |   0.0 |      17 |       0 |   0.0
        D:5 |     471 |       0 |   0.0 |      14 |       0 |   0.0
        D:6 |     443 |     100 |  18.4 |       8 |       1 |  11.1
    Ossuary |       0 |      94 | 100.0 |       0 |      65 | 100.0
            +---------+---------+-------+---------+---------+-------
